EVO
UNIVERSITY OF ARIZONA WILDCATS @ STANFORD UNIVERSITY CARDINAL
11/18/2049
 
TOP OF THE 1ST
University of Toronto Marlies batting - Pitching for University of Arizona Wildcats : RHP Ivan Baltodano
Pitching: RHP Ivan Baltodano
Batting: SHB Jose Melendez 0-0: Ball
1-0: Ground out U3 (Groundball, 3L, EV 105.0 MPH)
Batting: RHB Akichika Yamano 0-0: SINGLE (Line Drive, 7S, EV 103.8 MPH)
Batting: SHB Jack Tierney 0-0: Foul Ball, location: 2F
0-1: Ball
1-1: Foul Ball, location: 2F
1-2: Strikes out swinging
Batting: RHB Logan Johnson 0-0: Called Strike
0-1: Reached on error, E9 (Flyball, 9, EV 93.8 MPH)
Akichika Yamano to third
Batting: RHB Frank Pena 0-0: Ball
1-0: Fly out, F8 (Line Drive, 8LS, EV 107.5 MPH)
Top of the 1st over - 0 runs, 1 hit, 1 error, 2 left on base; University of Toronto 0 - University of Arizona 0
BOTTOM OF THE 1ST
University of Arizona Wildcats batting - Pitching for University of Toronto Marlies : RHP Robert Mccabe
Pitching: RHP Robert Mccabe
Batting: RHB Ron Dondale 0-0: Ball
1-0: Foul Ball, location: 2F
1-1: Foul Ball, location: 2F
1-2: Ball
2-2: Ball
3-2: Ground out 5-3 (Groundball, 56, EV 104.4 MPH)
Batting: RHB Eddy Amaya 0-0: Swinging Strike
0-1: Called Strike
0-2: Ball
1-2: Ground out 5-3 (Groundball, 56, EV 77.5 MPH)
Batting: RHB C.J. Wells 0-0: Called Strike
0-1: Swinging Strike
0-2: SOLO HOME RUN (Flyball, 7LD, EV 98.1 MPH), Distance : 382 ft
Batting: LHB Gary Corrales 0-0: Foul Ball, location: 2F
0-1: SOLO HOME RUN (Flyball, 9D, EV 93.8 MPH), Distance : 372 ft
Batting: LHB Pascal Noël 0-0: Ball
1-0: Ball
2-0: Ball
3-0: Base on Balls
Batting: LHB Andrew Davis 0-0: Ball
1-0: Called Strike
1-1: Ball
2-1: Ball
3-1: Called Strike
3-2: Ground out 5-3 (Groundball, 56, EV 88.1 MPH)
Bottom of the 1st over - 2 runs, 2 hits, 0 errors, 1 left on base; University of Toronto 0 - University of Arizona 2
TOP OF THE 2ND
University of Toronto Marlies batting - Pitching for University of Arizona Wildcats : RHP Ivan Baltodano
Batting: LHB Efrem Isaev 0-0: Foul Ball, location: 2F
0-1: Ball
1-1: Ball
2-1: Foul Ball, location: 2F
2-2: Ball
3-2: Strikes out swinging
Batting: RHB Elmar Adenauer 0-0: Called Strike
0-1: Ball
1-1: Called Strike
1-2: SINGLE (Groundball, 4MD, EV 111.9 MPH)
Batting: RHB Jeff McClellan 0-0: SINGLE (Groundball, 4S, EV 75.0 MPH) (infield hit)
Elmar Adenauer to second
Batting: RHB Alex Gonzalez 0-0: Called Strike
0-1: Swinging Strike
0-2: Foul Ball, location: 2F
0-2: Ball
1-2: Strikes out swinging
Batting: SHB Jose Melendez 0-0: Foul Ball, location: 2F
0-1: Ball
Wild Pitch!
Elmar Adenauer to third
Jeff McClellan to second
1-1: Fly out, F7 (Flyball, 78D, EV 93.8 MPH)
Top of the 2nd over - 0 runs, 2 hits, 0 errors, 2 left on base; University of Toronto 0 - University of Arizona 2
BOTTOM OF THE 2ND
University of Arizona Wildcats batting - Pitching for University of Toronto Marlies : RHP Robert Mccabe
Batting: RHB Alejandro de Jesus 0-0: Fly out, F8 (Line Drive, 8LM, EV 102.5 MPH)
Batting: RHB Larry Harlow 0-0: Called Strike
0-1: Foul Ball, location: 2F
0-2: Ball
1-2: Fly out, F7 (Flyball, 7, EV 89.4 MPH)
Batting: LHB Jere Paatelainen 0-0: Called Strike
0-1: Ground out 4-3 (Groundball, 4, EV 86.2 MPH)
Bottom of the 2nd over - 0 runs, 0 hits, 0 errors, 0 left on base; University of Toronto 0 - University of Arizona 2
TOP OF THE 3RD
University of Toronto Marlies batting - Pitching for University of Arizona Wildcats : RHP Ivan Baltodano
Batting: RHB Akichika Yamano 0-0: DOUBLE (Flyball, 8LXD, EV 110.0 MPH)
Batting: SHB Jack Tierney 0-0: Fly out, F7 (Flyball, 78D, EV 98.8 MPH)
Runner from 2nd tags up, SAFE at 3rd with throw by LF
Batting: RHB Logan Johnson 0-0: Called Strike
0-1: Ball
1-1: Ball
2-1: Ground out 5-3 (Groundball, 56S, EV 72.5 MPH)
Akichika Yamano scores
Batting: RHB Frank Pena 0-0: Ball
1-0: Ball
2-0: Swinging Strike
2-1: Ball
3-1: Foul Ball, location: 2F
3-2: Foul Ball, location: 2F
3-2: Strikes out swinging
Top of the 3rd over - 1 run, 1 hit, 0 errors, 0 left on base; University of Toronto 1 - University of Arizona 2
BOTTOM OF THE 3RD
University of Arizona Wildcats batting - Pitching for University of Toronto Marlies : RHP Robert Mccabe
Batting: RHB Ron Dondale 0-0: Ball
1-0: Foul Ball, location: 2F
1-1: Ball
2-1: Swinging Strike
2-2: Ball
3-2: Fly out, F8 (Flyball, 89D, EV 100.6 MPH)
Batting: RHB Eddy Amaya 0-0: Foul Ball, location: 2F
0-1: Fly out, F8 (Flyball, 8RD, EV 101.9 MPH)
Batting: RHB C.J. Wells 0-0: Ball
1-0: Fly out, F9 (Flyball, 89M, EV 81.2 MPH)
Bottom of the 3rd over - 0 runs, 0 hits, 0 errors, 0 left on base; University of Toronto 1 - University of Arizona 2
TOP OF THE 4TH
University of Toronto Marlies batting - Pitching for University of Arizona Wildcats : RHP Ivan Baltodano
Batting: LHB Efrem Isaev 0-0: Swinging Strike
0-1: Swinging Strike
0-2: Ball
1-2: Strikes out swinging
Batting: RHB Elmar Adenauer 0-0: Ball
1-0: Foul Ball, location: 2F
1-1: Foul Ball, location: 2F
1-2: Foul Ball, location: 2F
1-2: Ball
2-2: Ground out 4-3 (Groundball, 4M, EV 110.6 MPH)
Batting: RHB Jeff McClellan 0-0: Swinging Strike
0-1: Called Strike
0-2: Foul Ball, location: 2F
0-2: Ball
1-2: Ball
2-2: Foul Ball, location: 2F
2-2: SINGLE (Line Drive, 4MD, EV 96.9 MPH)
Batting: RHB Alex Gonzalez 0-0: Ball
1-0: Swinging Strike
Passed Ball!
Jeff McClellan to second
1-1: Ball
2-1: Foul Ball, location: 2F
2-2: Ball
3-2: Base on Balls
Batting: SHB Jose Melendez 0-0: Called Strike
0-1: Ball
1-1: Foul Ball, location: 2F
1-2: Fielders Choice at 2nd, 5-4 (Groundball, 56, EV 103.8 MPH)
Top of the 4th over - 0 runs, 1 hit, 0 errors, 2 left on base; University of Toronto 1 - University of Arizona 2
BOTTOM OF THE 4TH
University of Arizona Wildcats batting - Pitching for University of Toronto Marlies : RHP Robert Mccabe
Batting: LHB Gary Corrales 0-0: Called Strike
0-1: Foul Ball, location: 2F
0-2: Strikes out swinging
Batting: LHB Pascal Noël 0-0: Swinging Strike
0-1: Ball
1-1: Foul Ball, location: 2F
1-2: Foul Ball, location: 2F
1-2: Ball
2-2: Ball
3-2: Ground out 1-3 (Groundball, 34S, EV 74.4 MPH)
Batting: LHB Andrew Davis 0-0: Ball
1-0: Ball
2-0: Foul Ball, location: 2F
2-1: Foul Ball, location: 2F
2-2: Strikes out swinging
Bottom of the 4th over - 0 runs, 0 hits, 0 errors, 0 left on base; University of Toronto 1 - University of Arizona 2
TOP OF THE 5TH
University of Toronto Marlies batting - Pitching for University of Arizona Wildcats : RHP Ivan Baltodano
Batting: RHB Akichika Yamano 0-0: Called Strike
0-1: Swinging Strike
0-2: Ball
1-2: Fly out, F9 (Line Drive, 89M, EV 109.4 MPH)
Batting: SHB Jack Tierney 0-0: Ball
1-0: Ball
2-0: Swinging Strike
2-1: Ball
3-1: SINGLE (Groundball, 5D, EV 100.6 MPH)
Batting: RHB Logan Johnson 0-0: Ball
1-0: Foul Ball, location: 2F
1-1: Fly out, F8 (Flyball, 8LD, EV 93.8 MPH)
Pitching: RHP Jimmy Serna
Batting: RHB Frank Pena 0-0: Ball
1-0: Ball
Jack Tierney steals 2nd base
2-0: 2-RUN HOME RUN (Flyball, 8RXD, EV 116.2 MPH), Distance : 449 ft
Batting: LHB Efrem Isaev 0-0: Ball
1-0: Called Strike
1-1: Ball
2-1: Called Strike
2-2: Strikes out swinging
Top of the 5th over - 2 runs, 2 hits, 0 errors, 0 left on base; University of Toronto 3 - University of Arizona 2
BOTTOM OF THE 5TH
University of Arizona Wildcats batting - Pitching for University of Toronto Marlies : RHP Robert Mccabe
Batting: RHB Alejandro de Jesus 0-0: Called Strike
0-1: Foul Ball, location: 2F
0-2: Fly out, F2 (Popup, 23F, EV 88.1 MPH)
Batting: RHB Larry Harlow 0-0: Foul Ball, location: 2F
0-1: Ball
1-1: Ground out 6-3 (Groundball, 6, EV 83.8 MPH)
Now at SS: Tony Cisneros
Batting: LHB Jere Paatelainen 0-0: Foul Ball, location: 2F
0-1: Ball
1-1: Ball
2-1: Swinging Strike
2-2: SINGLE (Line Drive, 7S, EV 86.2 MPH)
Batting: RHB Ron Dondale 0-0: Ball
1-0: Called Strike
1-1: Ball
2-1: Swinging Strike
2-2: Fly out, F9 (Flyball, 9LM, EV 90.6 MPH)
Bottom of the 5th over - 0 runs, 1 hit, 0 errors, 1 left on base; University of Toronto 3 - University of Arizona 2
TOP OF THE 6TH
University of Toronto Marlies batting - Pitching for University of Arizona Wildcats : RHP Jimmy Serna
Batting: RHB Elmar Adenauer 0-0: Ball
1-0: Ball
2-0: Foul Ball, location: 2F
2-1: Swinging Strike
2-2: Foul Ball, location: 2F
2-2: Foul Ball, location: 2F
2-2: Ball
3-2: Strikes out swinging
Batting: LHB Tony Cisneros 0-0: Called Strike
0-1: Ground out U3 (Groundball, 3, EV 93.8 MPH)
Batting: RHB Alex Gonzalez 0-0: Ball
1-0: Called Strike
1-1: Swinging Strike
1-2: Strikes out swinging
Top of the 6th over - 0 runs, 0 hits, 0 errors, 0 left on base; University of Toronto 3 - University of Arizona 2
BOTTOM OF THE 6TH
University of Arizona Wildcats batting - Pitching for University of Toronto Marlies : RHP Robert Mccabe
Batting: RHB Eddy Amaya 0-0: Foul Ball, location: 2F
0-1: Foul Ball, location: 2F
0-2: Foul Ball, location: 2F
0-2: Ball
1-2: Ground out 5-3 (Groundball, 56S, EV 65.6 MPH)
Pitching: LHP Marc Haigler
Batting: RHB C.J. Wells 0-0: Ball
1-0: Ball
2-0: Ball
3-0: Called Strike
3-1: Fly out, F9 (Flyball, 9S, EV 88.8 MPH)
Batting: LHB Gary Corrales 0-0: SINGLE (Groundball, 6D, EV 96.2 MPH)
Batting: LHB Pascal Noël 0-0: Foul Ball, location: 2F
0-1: Ball
1-1: Ball
2-1: Ground out 4-3 (Groundball, 4, EV 109.4 MPH)
Bottom of the 6th over - 0 runs, 1 hit, 0 errors, 1 left on base; University of Toronto 3 - University of Arizona 2
TOP OF THE 7TH
University of Toronto Marlies batting - Pitching for University of Arizona Wildcats : RHP Jimmy Serna
Pitching: RHP Andy Darnell
Batting: SHB Jose Melendez 0-0: Called Strike
0-1: Called Strike
0-2: Ball
1-2: Reached on error, E1 (Groundball, 34S, EV 60.6 MPH)
Batting: RHB Akichika Yamano 0-0: Ball
1-0: Called Strike
1-1: Ball
2-1: Ball
3-1: Base on Balls
Batting: SHB Jack Tierney 0-0: Foul Ball, location: 2F
0-1: Foul Ball, location: 2F
0-2: Ball
1-2: Ball
2-2: Fly out, F8 (Flyball, 8LM, EV 74.4 MPH)
Batting: RHB Logan Johnson 0-0: Called Strike
0-1: Ball
1-1: Ball
2-1: Swinging Strike
2-2: Ball
3-2: Base on Balls
Jose Melendez to third
Akichika Yamano to second
Batting: RHB Frank Pena 0-0: Ball
1-0: Ball
2-0: Called Strike
2-1: Ball
3-1: SINGLE (Line Drive, 8RS, EV 93.8 MPH)
Jose Melendez scores
Akichika Yamano to third
Logan Johnson to second
Runner from 3rd tries for Home, SAFE, throw by CF to home
Batting: LHB Efrem Isaev 0-0: Ball
1-0: Ball
2-0: Foul Ball, location: 2F
2-1: Ball
3-1: Foul Ball, location: 2F
3-2: 3-RUN HOME RUN (Flyball, 89XD, EV 100.0 MPH), Distance : 388 ft
Pitching: RHP Jairo Picano
Batting: RHB Elmar Adenauer 0-0: Foul Ball, location: 2F
0-1: Foul Ball, location: 2F
0-2: Ball
1-2: Ball
2-2: Ball
3-2: Foul Ball, location: 2F
3-2: Ground out 6-3 (Groundball, 6, EV 78.1 MPH)
Batting: LHB Tony Cisneros 0-0: Called Strike
0-1: Ball
1-1: Called Strike
1-2: Strikes out swinging
Top of the 7th over - 5 runs, 2 hits, 1 error, 0 left on base; University of Toronto 8 - University of Arizona 2
BOTTOM OF THE 7TH
University of Arizona Wildcats batting - Pitching for University of Toronto Marlies : LHP Marc Haigler
Batting: LHB Andrew Davis 0-0: Called Strike
0-1: Ball
1-1: Foul Ball, location: 2F
1-2: Foul Ball, location: 2F
1-2: Ball
2-2: Foul Ball, location: 2F
2-2: Ball
3-2: Fly out, F9 (Line Drive, 9D, EV 90.6 MPH)
Batting: RHB Alejandro de Jesus 0-0: Ball
1-0: Called Strike
1-1: Ball
2-1: Called Strike
2-2: Foul Ball, location: 2F
2-2: Foul Ball, location: 2F
2-2: Foul Ball, location: 2F
2-2: Foul Ball, location: 2F
2-2: Ball
3-2: Strikes out swinging
Batting: RHB Larry Harlow 0-0: Ground out 6-3 (Groundball, 6MD, EV 88.1 MPH)
Bottom of the 7th over - 0 runs, 0 hits, 0 errors, 0 left on base; University of Toronto 8 - University of Arizona 2
TOP OF THE 8TH
University of Toronto Marlies batting - Pitching for University of Arizona Wildcats : RHP Jairo Picano
Batting: RHB Alex Gonzalez 0-0: Ball
1-0: TRIPLE (Flyball, 78XD, EV 88.8 MPH)
Batting: SHB Jose Melendez 0-0: Ball
1-0: Called Strike
1-1: Swinging Strike
1-2: Strikes out swinging
Batting: RHB Akichika Yamano 0-0: Ball
1-0: Foul Ball, location: 2F
1-1: Ball
2-1: Swinging Strike
2-2: Ball
3-2: Foul Ball, location: 2F
3-2: Foul Ball, location: 2F
3-2: SINGLE (Groundball, 4M, EV 87.5 MPH) (infield hit)
Alex Gonzalez scores
Pitching: RHP Chris Obloy
Batting: SHB Jack Tierney 0-0: Ball
1-0: Ball
2-0: Ball
3-0: Called Strike
3-1: Base on Balls
Akichika Yamano to second
Batting: RHB Logan Johnson 0-0: Ball
1-0: Fly out, F9 (Flyball, 9S, EV 92.5 MPH)
Batting: RHB Frank Pena 0-0: Called Strike
0-1: Fly out, F9 (Flyball, 9, EV 86.2 MPH)
Top of the 8th over - 1 run, 2 hits, 0 errors, 2 left on base; University of Toronto 9 - University of Arizona 2
BOTTOM OF THE 8TH
University of Arizona Wildcats batting - Pitching for University of Toronto Marlies : LHP Marc Haigler
Pitching: RHP Sean King
Batting: LHB Jere Paatelainen 0-0: Ball
1-0: Swinging Strike
1-1: Ball
2-1: Called Strike
2-2: Ball
3-2: Foul Ball, location: 2F
3-2: Foul Ball, location: 2F
3-2: Foul Ball, location: 2F
3-2: Base on Balls
Batting: RHB Ron Dondale 0-0: Ball
1-0: Foul Ball, location: 2F
1-1: Ball
2-1: SINGLE (Groundball, 13S, EV 70.0 MPH) (infield hit)
Jere Paatelainen to second
Batting: RHB Eddy Amaya 0-0: Foul Ball, location: 2F
0-1: Fly out, F8 (Flyball, 8LXD, EV 88.8 MPH)
Runner from 2nd tags up, SAFE at 3rd, no throw by CF
Batting: RHB C.J. Wells 0-0: Reached on error, E3 (Groundball, 3, EV 90.0 MPH)
Jere Paatelainen scores
Ron Dondale to second
Batting: LHB Gary Corrales 0-0: Ball
1-0: Ball
2-0: Foul Ball, location: 2F
2-1: Called Strike
2-2: Foul Ball, location: 2F
2-2: Foul Ball, location: 2F
2-2: Ball
3-2: Base on Balls
Ron Dondale to third
C.J. Wells to second
Batting: LHB Pascal Noël 0-0: Ball
1-0: Fielders Choice at 2nd, 5-4 (Groundball, 5, EV 87.5 MPH)
Ron Dondale scores
C.J. Wells to third
Batting: LHB Andrew Davis 0-0: Foul Ball, location: 2F
0-1: Ball
1-1: Ball
2-1: Foul Ball, location: 2F
2-2: Foul Ball, location: 2F
2-2: Ball
3-2: Reached on error, E6 (Groundball, 6, EV 90.6 MPH)
C.J. Wells scores
Pascal Noël to second
Pitching: RHP Rüdiger Stritter
Pinch Hitting: LHB Lihau Keawe 0-0: Called Strike
0-1: Called Strike
0-2: Ball
1-2: Ball
2-2: Ball
3-2: Strikes out swinging
Bottom of the 8th over - 3 runs, 1 hit, 2 errors, 2 left on base; University of Toronto 9 - University of Arizona 5
TOP OF THE 9TH
University of Toronto Marlies batting - Pitching for University of Arizona Wildcats : RHP Chris Obloy
Pitching: LHP Armando Guzman
Now at 3B: Victor Garcia
Batting: LHB Efrem Isaev 0-0: Ball
1-0: Ball
2-0: Ball
3-0: Base on Balls
Batting: RHB Elmar Adenauer 0-0: Ball
Efrem Isaev is caught stealing 2nd base 2-4
1-0: Called Strike
1-1: Foul Ball, location: 2F
1-2: Ball
2-2: Ground out 5-3 (Groundball, 5, EV 82.5 MPH)
Batting: LHB Tony Cisneros 0-0: Ball
1-0: Fly out, F8 (Flyball, 8LD, EV 95.0 MPH)
Top of the 9th over - 0 runs, 0 hits, 0 errors, 0 left on base; University of Toronto 9 - University of Arizona 5
BOTTOM OF THE 9TH
University of Arizona Wildcats batting - Pitching for University of Toronto Marlies : RHP Rüdiger Stritter
Batting: RHB Larry Harlow 0-0: Ball
1-0: SINGLE (Line Drive, 89S, EV 104.4 MPH)
Batting: LHB Jere Paatelainen 0-0: Ball
1-0: Ball
2-0: Swinging Strike
2-1: Swinging Strike
2-2: Ball
3-2: Foul Ball, location: 2F
3-2: Fly out, F9 (Flyball, 89S, EV 90.6 MPH)
Batting: RHB Ron Dondale 0-0: Ball
1-0: Called Strike
1-1: Ball
2-1: Ball
3-1: Fly out, F8 (Line Drive, 8RM, EV 89.4 MPH)
Batting: RHB Eddy Amaya 0-0: Called Strike
0-1: Ball
1-1: Swinging Strike
1-2: Strikes out looking
Bottom of the 9th over - 0 runs, 1 hit, 0 errors, 1 left on base; University of Toronto 9 - University of Arizona 5
Sunday, July 16th , 2023 - OOTP Baseball 24.6 Build 69